 Dungeon Crawl Stone Soup version 0.25-a0-780-g622e69b31f (webtiles) character file.

Game seed: 453702629219754453, levelgen mode: deterministic

207 Hasart the Chiller (level 5, -8/28 HPs)
             Began as a Deep Elf Ice Elementalist on Apr 14, 2020.
             Mangled by a phantom (9 damage)
             ... on level 4 of the Dungeon.
             The game lasted 00:05:59 (3107 turns).

Hasart the Chiller (Deep Elf Ice Elementalist)      Turns: 3107, Time: 00:06:00

Health: -8/28      AC:  4    Str:  5    XL:     5   Next: 54%
Magic:  11/13      EV: 14    Int: 21    God:
Gold:   72         SH:  0    Dex: 15    Spells: 6/13 levels left

rFire    . . .     SeeInvis .   p - +3 quarterstaff (chaos)
rCold    . . .     Gourm    .   (shield currently unavailable)
rNeg     . . .     Faith    .   a - +0 robe
rPois    .         Spirit   .   (no helmet)
rElec    .         Reflect  .   q - +1 cloak {+Inv}
rCorr    .         Harm     .   (no gloves)
MR       .....                  (no boots)
Stlth    ++........             u - amulet of magic regeneration
HPRegen  0.09/turn              (no ring)
MPRegen  0.38/turn              (no ring)

@: frozen ramparts
A: no striking features
a: Evoke Invisibility


You were on level 4 of the Dungeon.
You were not hungry.

You visited 1 branch of the dungeon, and saw 4 of its levels.

You collected 114 gold pieces.
You spent 42 gold pieces at shops.

Inventory:

Hand Weapons
 i - a +0 short sword
 p - a +3 quarterstaff of chaos (weapon)
Armour
 a - a +0 robe (worn)
 q - a +1 cloak of invisibility (worn)
Jewellery
 u - an amulet of magic regeneration (around neck)
Wands
 j - a wand of enslavement (4)
Scrolls
 b - a scroll of magic mapping
 d - a scroll of remove curse
 e - 3 scrolls of identify
 f - 2 scrolls of amnesia {unknown}
 g - 2 scrolls of teleportation {unknown}
 k - a scroll of fog {unknown}
 m - a scroll of immolation {unknown}
 t - a scroll of blinking {unknown}
Potions
 h - 3 potions of curing
 l - a potion of degeneration {unknown}
 n - a potion of magic {unknown}
 o - a potion of brilliance {unknown}
 r - a potion of ambrosia {unknown}
Comestibles
 c - 7 rations


   Skills:
 + Level 4.0 Dodging
 - Level 2.4 Stealth
 + Level 4.6 Spellcasting
 * Level 6.2 Ice Magic


You had 6 spell levels left.
You knew the following spells:

 Your Spells              Type           Power        Failure   Level  Hunger
a - Freeze                Ice            ####         1%          1    None
b - Frozen Ramparts       Ice            ####..       2%          3    ##.....
q - Ozocubu's Armour      Chrm/Ice       ###.....     10%         3    ##.....

Your spell library contained the following spells:

 Spells                   Type           Power        Failure   Level  Hunger
 Hailstorm                Conj/Ice       ###.....     30%         4    ####...
 Summon Ice Beast         Ice/Summ       ###.....     30%         4    ####...


Dungeon Overview and Level Annotations

Branches:
Dungeon (4/15)
 Temple: D:4-7

Altars:
Ru

Shops:
D:4 !


Message History

Unknown command.
Unknown command.
You hit the phantom.
The phantom seems to slow down.
The phantom is lightly damaged.
The phantom is no longer moving slowly.
The wall freezes the orc!
You kill the orc!
The wall freezes the orc.
The wall freezes the orc priest.
The orc priest mumbles some strange prayers to Beogh against you.
Beogh smites you!
You sock the phantom!
The phantom is heavily damaged.
The phantom completely resists.
The wall freezes the phantom but do no damage.
The phantom hits you!
* * * LOW HITPOINT WARNING * * *
The wall freezes the orc.
You kill the orc!
The wall freezes the orc priest!
The wall freezes the orc priest.
The phantom resists.
The wall freezes the phantom.
The phantom hits you!
You die...

.............#..###
.................#
........##.......#
#.......#######..########
#........... #...........
.............#...######..
.........# .....##..#
..... #)@# .... #oW# ..
#... ..... .#.....
#.#...... # ...#.###
#.##..


You could see a phantom and an orc priest.

Vanquished Creatures
  Crazy Yiuf (D:2)
  An orc wizard (D:3)
  A worker ant (D:4)
  4 adders
  2 worms (D:2)
  A dart slug (D:2)
  8 orcs
  10 bats
  8 giant cockroaches
  8 goblins
  8 hobgoblins
  5 jackals (D:2)
  7 kobolds
  10 rats
74 creatures vanquished.

Notes
Turn   | Place    | Note
-------+----------+-------------------------------------------
     0 | D:1      | Hasart the Deep Elf Ice Elementalist began the quest for
                  | the Orb.
     0 | D:1      | Reached XP level 1. HP: 10/10 MP: 6/6
    83 | D:1      | Reached XP level 2. HP: 15/15 MP: 0/8
   713 | D:1      | Reached skill level 5 in Ice Magic
   938 | D:1      | Reached XP level 3. HP: 19/19 MP: 8/10
   943 | D:1      | Learned a level 3 spell: Frozen Ramparts
   947 | D:1      | Learned a level 3 spell: Ozocubu's Armour
  1545 | D:2      | Reached XP level 4. HP: 24/24 MP: 4/11
  1970 | D:2      | Found a runed translucent door.
  1971 | D:2      | Noticed Crazy Yiuf
  2018 | D:2      | Killed Crazy Yiuf
  2663 | D:3      | Found a sacrificial altar of Ru.
  2745 | D:3      | Reached XP level 5. HP: 27/28 MP: 10/13
  2760 | D:3      | Reached skill level 6 in Ice Magic
  2939 | D:3      | You fall into a shaft and drop 1 floor!
  3074 | D:4      | Found Sunysche's Distillery.
  3081 | D:4      | Bought a potion of curing for 42 gold pieces
  3102 | D:4      | Noticed a phantom
  3107 | D:4      | HP: 1/28 [phantom (9)]
  3107 | D:4      | Mangled by a phantom

Levels and vault maps discovered:
D:1:      dpeg_arrival_boxes_within_box, layout_basic, hangedman_decor_riveting,
          dk_noncrumbling_2
D:2:      layout_basic, chequers_mini_garden, hangedman_decor_clover_reticule,
          hangedman_abyss_or_decor_lesser_grid, uniq_crazy_yiuf_cottage
D:3:      layout_loops_ring, old_standard_altar,
          amethyst_overflow_temple_binary, first_ration, uniq_ijyb
D:4:      layout_basic, minmay_temple_entry_stoned_glass, serial_shops, shop,
          minmay_mini_ossuary

Skill      XL: |  1  2  3  4  5 |
---------------+----------------+-----
Ice Magic      | 5 6 |  6.2
Dodging        | 3 4 |  4.0
Spellcasting   | 4 |  4.6
Stealth        | |  2.4

Action                   |  1- 3 |  4- 6 || total
-------------------------+-------+-------++-------
Melee: Club              |     1 |       ||     1
       Short sword       |     3 |     1 ||     4
       Quarterstaff      |       |     5 ||     5
 Cast: Freeze            |    56 |    50 ||   106
       Frozen Ramparts   |       |     2 ||     2
  Use: Scroll            |       |     3 ||     3
  Eat: Chunk             |     2 |     5 ||     7
Armor: Robe              |     9 |     7 ||    16
Dodge: Dodged            |    37 |    27 ||    64

Table legend:
 A = Non-vault XP
 B = Vault XP
 C = Vault XP percentage of total XP
 D = Non-vault monster count
 E = Vault monster count
 F = Vault count percentage of total count
                 A         B        C        D         E       F
            +---------+---------+-------+---------+---------+-------
      Total |     256 |      41 |  13.8 |      73 |       1 |   1.4
            +---------+---------+-------+---------+---------+-------
        D:1 |      43 |       0 |   0.0 |      27 |       0 |   0.0
        D:2 |      83 |      41 |  33.1 |      25 |       1 |   3.8
        D:3 |      88 |       0 |   0.0 |      18 |       0 |   0.0
        D:4 |      42 |       0 |   0.0 |       3 |       0 |   0.0
            +---------+---------+-------+---------+---------+-------
